 Dungeon Crawl Stone Soup version 0.19.1-1-g22dce08 (webtiles) character file.

217 Queen the Ruffian (level 5, -1/40 HPs)
             Began as a Draconian Transmuter on Jan 5, 2017.
             Was an Initiate of Makhleb.
             Killed from afar by an orc wizard (5 damage)
             ... with a puff of frost
             ... on level 4 of the Dungeon.
             The game lasted 00:21:55 (3395 turns).

Queen the Ruffian (Draconian Transmuter)            Turns: 3395, Time: 00:21:56

Health: -1/40      AC:  5    Str: 13      XL:     5   Next: 62%
Magic:  8/8        EV: 12    Int: 12 (14) God:    Makhleb [......]
Gold:   233        SH:  0    Dex:  9 (11) Spells: 1 memorised, 7 levels left

rFire  . . .     SeeInvis .       - Unarmed
rCold  . . .     Gourm    .     (armour unavailable)
rNeg   . . .     Faith    .     (no shield)
rPois  +         Spirit   .     (helmet restricted)
rElec  .         Reflect  .     (no cloak)
rCorr  .         Harm     .     (no gloves)
MR     .....                    (no boots)
Stlth  +.........               (no amulet)
                                (no ring)
                                f - ring of poison resistance

@: no status effects
A: unfitting armour, horns 1, cold-blooded, AC +5
a: Renounce Religion


You were on level 4 of the Dungeon.
You worshipped Makhleb.
Makhleb was noncommittal.
You were very hungry.

You visited 1 branch of the dungeon, and saw 4 of its levels.

You collected 233 gold pieces.

Inventory:

Missiles
 a - 36 arrows
Armour
 l - a +0 large shield
Jewellery
 f - a ring of poison resistance (left hand)
 v - an uncursed ring of protection from fire {unknown}
Wands
 m - a wand of random effects (9/48)
 r - a wand of polymorph (14/24)
Scrolls
 i - a scroll of remove curse
 k - a scroll of amnesia
 o - 5 scrolls of identify
 q - a scroll of random uselessness {unknown}
Potions
 e - a potion of brilliance
 h - 4 potions of curing
 p - 2 potions of mutation {unknown}
 t - 2 potions of magic {unknown}
Books
 b - a book of Changes

   Spells                             Type                      Level
   a - Beastly Appendage              Transmutation                1
   b - Sticks to Snakes               Transmutation                2
   c - Spider Form                    Transmutation/Poison         3
   d - Ice Form                       Ice/Transmutation            4
   e - Blade Hands                    Transmutation                5
Comestibles
 c - 2 bread rations
 d - 3 fruits
 g - 3 beef jerkies
 n - 2 royal jellies
 s - 2 meat rations
 u - a slice of pizza


   Skills:
 + Level 1.5 Fighting
 + Level 2.5 Dodging
 + Level 1.4 Stealth
 + Level 5.5 Unarmed Combat
 + Level 2.1 Spellcasting
 + Level 2.1 Transmutations


You had 7 spell levels left.
You knew the following spells:

 Your Spells              Type           Power        Failure   Level  Hunger
a - Beastly Appendage     Tmut           #.....       12%         1    ##.....


Dungeon Overview and Level Annotations

Branches:
Dungeon (4/15)
 Temple: D:4-7

Altars:
Makhleb
Vehumet
The Shining One


Innate Abilities, Weirdness & Mutations

Your plain brown scales are hard. (AC +5)
You cannot fit into any form of body armour.
You are cold-blooded and may be slowed by cold attacks.
You have a pair of small horns on your head.


Message History

The orc wizard points at you and mumbles some strange words.
The magic dart hits you! The orc wizard hits you with a dagger.
* * * LOW HITPOINT WARNING * * *
The orc wizard casts a cantrip, but nothing happens.
You closely miss the orc. You tail-slap the orc.
The orc is moderately wounded.
The orc wizard looks braver for a moment.
The orc hits you with a flail!
* * * LOW HITPOINT WARNING * * *
You punch the orc!
You kill the orc!
Makhleb accepts your kill.
The orc wizard gestures wildly while chanting.
The orc wizard gestures wildly while chanting.
Things that are here:
a flail; a ring mail; 8 gold pieces The orc wizard casts a spell at you.
The puff of frost hits you!
You die...

. #.##...................####.#
.##..........(.................
.........##....................
#...##..........#####<#o.####.#
##..##.........................
.##..#......#...#.#####..######
..##........#.....o)o....# ⌠.
##...#...##+##.####._.# .
###.....#...@.#####.##
#.......#........##.#
#..###.#.#)...######## #..#
#.#.#....# ... #.#.##)### ..
####.#.##.# ...........#
........##.#######
..................


You could see an orc wizard.

Vanquished Creatures
  An orc wizard (D:4)
  Ijyb (D:2)
  An iguana (D:4)
  5 adders
  2 oozes
  2 worms
  2 dart slugs
  4 leopard geckos
  4 orcs
  A ball python (D:1)
  5 bats
  3 giant cockroaches
  4 goblins
  7 hobgoblins
  3 jackals (D:3)
  A quokka (D:2)
  4 frilled lizards
  8 kobolds
  8 rats
66 creatures vanquished.

Notes
Turn   | Place    | Note
-------+----------+-------------------------------------------
     0 | D:1      | Queen the Draconian Transmuter began the quest for the Orb.
     0 | D:1      | Reached XP level 1. HP: 16/16 MP: 3/3
   573 | D:1      | Reached XP level 2. HP: 19/23 MP: 5/5
  1240 | D:2      | Reached XP level 3. HP: 28/28 MP: 6/6
  1295 | D:2      | Reached skill level 4 in Unarmed Combat
  1483 | D:2      | Noticed Ijyb
  1528 | D:2      | Killed Ijyb
  1528 | D:2      | Reached XP level 4. HP: 26/35 MP: 7/7
  1767 | D:2      | Reached skill level 1 in Stealth
  2211 | D:3      | Gained mutation: You have a pair of small horns on your head. [potion of beneficial mutation]
  2223 | D:3      | Found a radiant altar of Vehumet.
  2454 | D:3      | Reached XP level 5. HP: 38/40 MP: 8/8
  2947 | D:3      | Reached skill level 5 in Unarmed Combat
  3009 | D:4      | Found a burning altar of Makhleb.
  3015 | D:4      | Became a worshipper of Makhleb the Destroyer
  3350 | D:4      | Found a glowing golden altar of the Shining One.
  3395 | D:4      | Killed from afar by an orc wizard

Skill      XL: |  1  2  3  4  5 |
---------------+----------------+-----
Unarmed Combat | 4 5 |  5.5
Dodging        | 2 |  2.5
Stealth        | 1 |  1.4
Fighting       | |  1.5
Spellcasting   | |  2.1
Transmutations | |  2.1

Action                   |  1- 3 |  4- 6 || total
-------------------------+-------+-------++-------
Melee: Unarmed           |   109 |   167 ||   276
       Tailslap          |     6 |    14 ||    20
       Punch             |     1 |     4 ||     5
       Headbutt          |       |    10 ||    10
  Use: Potion            |     5 |     2 ||     7
       Scroll            |     2 |       ||     2
 Stab: Sleeping          |     1 |     2 ||     3
  Eat: Chunk             |     2 |     5 ||     7
Armor: Skin              |    32 |    46 ||    78
Dodge: Dodged            |    69 |   103 ||   172
